 Dungeon Crawl Stone Soup version 0.30-a0-782-ge64f9170bb (webtiles) character file.

Game seed: 481076344629995196

224 senseless the Sneak (level 6, -7/44 HPs)
             Began as a Human Enchanter on Mar 15, 2023.
             Mangled by a gnoll
             ... wielding a +0 flail
              (10 damage)
             ... on level 3 of the Dungeon.
             The game lasted 00:14:37 (3035 turns).

senseless the Sneak (Human Enchanter)               Turns: 3035, Time: 00:14:37

Health: -7/44      AC:  4    Str:  8    XL:     6   Next: 20%
Magic:  9/9        EV: 13    Int: 16    God:
Gold:   131        SH:  0    Dex: 15    Spells: 9/9 levels left

rFire   . . .      SeeInvis .    o - +2 dagger (speed)
rCold   . . .      Faith    .    (no shield)
rNeg    . . .      Spirit   .    b - +0 robe
rPois   .          Reflect  .    p - +1 helmet
rElec   .          Harm     .    (no cloak)
rCorr   .          Rampage  .    (no gloves)
Will    .....                    (no boots)
Stlth   +++                      (no amulet)
HPRegen 0.27/turn                (no ring)
MPRegen 0.11/turn                (no ring)

@: no status effects
A: no striking features
a: no special abilities


You were on level 3 of the Dungeon.
You visited 1 branch of the dungeon, and saw 3 of its levels.
You also visited: Sewer.

You collected 131 gold pieces.

Inventory:

Hand Weapons
 a - a +1 dagger of venom
 j - a +1 dagger of venom
 o - a +2 dagger of speed (weapon)
Armour
 b - a +0 robe (worn)
 p - a +1 helmet (worn)
Wands
 q - a wand of flame (26) (quivered)
Potions
 c - a potion of invisibility
 d - 2 potions of lignification
 e - a potion of might
 f - a potion of haste
 g - 5 potions of curing
 h - a potion of attraction {unknown}
 i - a potion of heal wounds {unknown}
 r - 6 potions of flight


   Skills:
 + Level 1.9 Fighting
 + Level 3.1 Short Blades
 + Level 3.1 Dodging
 + Level 4.0 Stealth
 + Level 2.0 Spellcasting
 + Level 3.7 Hexes


You had 9 spell levels left.
You didn't know any spells.
Your spell library contained the following spells:

 Spells                   Type           Power      Damage    Failure   Level
 Confusing Touch          Hex            13%        N/A       13%         3
 Tukima's Dance           Hex            13%        N/A       13%         3
 Ensorcelled Hibernation  Hex/Ice        14%        N/A       14%         2
 Dazzling Flash           Conj/Hex       14%        N/A       28%         3


Dungeon Overview and Level Annotations

Branches:
Dungeon (3/15)              Sewer (visited)

Altars:

Annotations:
D:3 Grinder


Message History

Beogh smites you!
You are too injured to fight recklessly!
You are too injured to fight recklessly!
You are too injured to fight recklessly!
You are too injured to fight recklessly!
You are too injured to fight recklessly!
You are too injured to fight recklessly!
You are too injured to fight recklessly!
You are too injured to fight recklessly!
You are too injured to fight recklessly!
You are too injured to fight recklessly!
You are too injured to fight recklessly!
You are too injured to fight recklessly!
You are too injured to fight recklessly!
You are too injured to fight recklessly!
You are too injured to fight recklessly!
You are too injured to fight recklessly!
You are too injured to fight recklessly!
The gnoll attacks as you move away! The gnoll hits you but does no damage.
You hit the gnoll.
The gnoll is almost dead.
The gnoll attacks as you move away! The gnoll closely misses you.
You closely miss the gnoll. You punch the gnoll, but do no damage.
The gnoll is almost dead.
The gnoll closely misses you.
You hit the gnoll but do no damage.
The gnoll is almost dead.
You barely miss the gnoll.
The gnoll is almost dead.
The gnoll hits you with a +0 flail.
* * * LOW HITPOINT WARNING * * *
You closely miss the gnoll.
The gnoll is almost dead.
The gnoll attacks as you move away! The gnoll closely misses you.
The gnoll attacks as you move away! The gnoll closely misses you.
The gnoll attacks as you move away! The gnoll closely misses you.
The gnoll attacks as you move away! The gnoll hits you with a +0 flail!
* * * LOW HITPOINT WARNING * * *
The gnoll attacks as you move away! The gnoll hits you with a +0 flail!
You die...

#.# ### #.# #######.# ### ...
#.~~~.#.#####.#.. ..
##.~~~~#.......#.##### ...
#..~~~~#.#######.#...#######.....
#...~~~##.....<#....o.o.o))......
#.....~##.#....#...o.########....
#.....###.#....#...### .
#####รท....#.#...@g##
#######.####.## #.# ...# #.#.####
#.. ###


You could see an orc priest, a gnoll and 2 orcs.

Vanquished Creatures
  Jessica (D:2)
  Robin (D:2)
  3 gnolls (D:3)
  4 adders
  3 river rats
  3 worms
  3 endoplasms
  A giant cockroach (Sewer)
  18 goblins
  6 hobgoblins
  9 jackals
  4 quokkas
  8 ball pythons
  10 bats (Sewer)
  10 frilled lizards
  3 kobolds
  4 rats
91 creatures vanquished.

Notes
Turn   | Place    | Note
-------+----------+-------------------------------------------
     0 | D:1      | senseless the Human Enchanter began the quest for the Orb.
     0 | D:1      | Reached XP level 1. HP: 13/13 MP: 3/3
   118 | D:1      | Reached XP level 2. HP: 19/19 MP: 5/5
   601 | D:1      | Found a faded altar of an unknown god.
   614 | D:1      | Reached XP level 3. HP: 23/24 MP: 6/6
  1401 | D:2      | Reached XP level 4. HP: 31/31 MP: 7/7
  1446 | D:2      | Noticed Jessica
  1464 | D:2      | Noticed Robin
  1493 | D:2      | Killed Jessica
  1494 | D:2      | Reached skill level 1 in Fighting
  1787 | D:2      | Killed Robin
  1788 | D:2      | Reached XP level 5. HP: 31/37 MP: 8/8
  2111 | D:3      | Noticed Grinder
  2111 | D:3      | Paralysed by Grinder for 4 turns
  2199 | D:3      | Found a glowing drain.
  2276 | Sewer    | Entered a sewer
  2986 | D:3      | Reached XP level 6. HP: 44/44 MP: 9/9
  2999 | D:3      | Reached skill level 4 in Stealth
  3035 | D:3      | Mangled by a gnoll

Illustrated notes

Levels and vault maps discovered:
D:1:      lemuel_arrival_behind_the_door_small, layout_loops_ring,
          hellmonk_ecumenical_altar_dog_temple, chequers_arboretum
D:2:      layout_rooms, kennysheep_generic_room_5, uniq_jessica, uniq_robin
D:3:      minmay_chambers_of_threes, layout_basic, portal_sewer_entry_b,
          uniq_ijyb, uniq_grinder, uniq_terence

Skill      XL: |  1  2  3  4  5  6 |
---------------+-------------------+-----
Fighting       | 1 |  1.9
Short Blades   | 2 3 |  3.1
Dodging        | 3 |  3.1
Stealth        | 4 |  4.0
Spellcasting   | |  2.0
Hexes          | |  3.7

Action                     |  1- 3 |  4- 6 || total
---------------------------+-------+-------++-------
  Melee: Dagger            |   120 |   293 ||   413
         Punch             |     2 |     4 ||     6
    Use: Potion            |       |     1 ||     1
         Scroll            |       |    14 ||    14
   Stab: Sleeping          |     6 |     3 ||     9
 Armour: Robe              |    14 |    64 ||    78
  Dodge: Dodged            |    55 |   144 ||   199

Table legend: (Time is in decaauts)
 A = Elapsed time spent in this place.
 B = Non-inter-level travel time spent in this place.
 C = Inter-level travel time spent in this place.
 D = Time resting spent in this place.
 E = Time spent auto-exploring this place.
 F = Levels seen in this place.
 G = Mean time per level.
                   A        B        C        D        E       F      G
               +--------+--------+--------+--------+--------+-----+--------+
         Total |   3044 |   2921 |    123 |    364 |   1791 |   4 |  761.0 |
       Dungeon |   2266 |   2143 |    123 |    364 |   1240 |   3 |  755.3 |
         Sewer |    778 |    778 |      0 |      0 |    551 |   1 |  778.0 |
               +--------+--------+--------+--------+--------+-----+--------+

Top non-repeatable levels by time:
     D:2: 1070 daAuts
     D:1: 1054 daAuts
   Sewer: 778 daAuts
     D:3: 141 daAuts
